 Dungeon Crawl Stone Soup version 0.30-a0-986-g7f2e898f52 (webtiles) character file.

Game seed: 3622074651022938403

124 Demosthentine the Poker (level 4, 0/35 HPs)
             Began as a Demonspawn Gladiator on Apr 2, 2023.
             Slain by a gnoll
             ... wielding a +0 spear
             ... led by a gnoll bouda
              (5 damage)
             ... on level 3 of the Dungeon.
             The game lasted 00:02:13 (1816 turns).

Demosthentine the Poker (Demonspawn Gladiator)      Turns: 1816, Time: 00:02:13

Health: 0/35       AC:  3    Str: 16    XL:     4   Next: 81%
Magic:  4/4        EV: 12    Int: 10    God:
Gold:   67         SH:  0    Dex: 14    Spells: 3/3 levels left

rFire   . . .      SeeInvis .    a - +0 trident (venom)
rCold   . . .      Faith    .    (no shield)
rNeg    . . .      Spirit   .    b - +0 leather armour
rPois   .          Reflect  .    (helmet restricted)
rElec   .          Rampage  .    (no cloak)
rCorr   .                        (no gloves)
Will    .....                    (no boots)
Stlth   +                        (no amulet)
HPRegen 0.25/turn                (no ring)
MPRegen 0.09/turn                (no ring)

@: no status effects
A: horns 2
a: no special abilities


You were on level 3 of the Dungeon.
You visited 1 branch of the dungeon, and saw 3 of its levels.

You collected 67 gold pieces.

Inventory:

Hand Weapons
 a - a +0 trident of venom (weapon)
Missiles
 d - 3 throwing nets (quivered)
 e - a javelin
Armour
 b - a +0 leather armour (worn)
Scrolls
 c - 2 scrolls of teleportation
Potions
 f - 2 potions of haste
 j - 2 potions of attraction {unknown}


   Skills:
 + Level 3.0 Fighting
 + Level 3.4 Polearms
 - Level 1.7 Throwing
 + Level 1.8 Armour
 + Level 3.4 Dodging


You had 3 spell levels left.
You didn't know any spells.
Your spell library contained the following spells:

 Spells                   Type           Power      Damage    Failure   Level
 Dazzling Flash           Conj/Hex       0%         N/A       80%         3
 Agony                    Necr           0%         N/A       100%        5
 Silence                  Hex/Air        0%         N/A       100%        5


Dungeon Overview and Level Annotations

Branches:
Dungeon (3/15)

Altars:

Shops:
D:1 !*?[[


Innate Abilities, Weirdness & Mutations

You have a pair of horns on your head.


Message History

The gnoll is heavily wounded.
The gnoll closely misses you.
You puncture the gnoll!
You kill the gnoll!
The giant cockroach bites you.
Your Fighting skill increases to level 3!
You barely miss the giant cockroach.
The giant cockroach bites you but does no damage.
The gnoll bouda barks out a call to the hunt!
The gnoll picks up the pace!
You hit the giant cockroach.
The giant cockroach is poisoned.
The giant cockroach is moderately wounded.
The giant cockroach barely misses you.
You puncture the giant cockroach!
You kill the giant cockroach!
You barely miss the gnoll bouda.
The gnoll hits you from afar with a +0 spear.
The gnoll bouda barely misses you.
You hit the gnoll bouda but do no damage.
The gnoll bouda is poisoned.
The gnoll hits you but does no damage.
The gnoll bouda hits you with a +0 club.
The gnoll closely misses you.
You hit the gnoll bouda but do no damage.
The gnoll bouda closely misses you.
The gnoll hits you from afar with a +0 spear.
The gnoll bouda barely misses you.
You are too injured to fight recklessly!
You are too injured to fight recklessly!
You hit the gnoll bouda.
The gnoll bouda looks as sick as possible!
The gnoll bouda is lightly wounded.
The gnoll hits you from afar with a +0 spear.
The gnoll bouda hits you with a +0 club.
* * * LOW HITPOINT WARNING * * *
Reach: a) +0 trident (venom)
Press: ? - help, Dir - move target, f - gnoll
Aim: a gnoll, wielding a +0 spear (covering ground quickly, about 37% to evade your +0 trident of venom)
You reach to attack!
You barely miss the gnoll.
The gnoll hits you from afar with a +0 spear.
You die...

......#....g)...#.....#
####...[
.##...+.#)#.#.#........
.....>. .
."..#.........##....#
######..
#.....#.#.#.#..# ...#
#...##..
#..............# ..#
#.#.##..
.......######.#
#.#.##.. #.#.### #g#
#.#.##.. #.#. #g#
##.#.#### #@# #....# #
#.# #..### # #.# #..# #
#.# #..# #
#.########..######
#.................
##################


You could see a gnoll bouda (extremely poisoned) and a gnoll (swift).

Vanquished Creatures
  Jessica (D:2)
  3 gnolls (D:3)
  An adder (D:2)
  A worm (D:3)
  4 dart slugs
  An orc (D:3)
  6 ball pythons
  4 bats
  5 endoplasms
  2 giant cockroaches
  5 goblins
  4 hobgoblins
  2 quokkas
  5 frilled lizards
  2 kobolds (D:1)
  2 rats
48 creatures vanquished.

Vanquished Creatures (others)
  8 plants (D:3)
8 creatures vanquished.

Grand Total: 56 creatures vanquished

Notes
Turn   | Place    | Note
-------+----------+-------------------------------------------
     0 | D:1      | Demosthentine the Demonspawn Gladiator began the quest for
                  | the Orb.
     0 | D:1      | Reached XP level 1. HP: 16/16 MP: 1/1
    87 | D:1      | Found Nusuh's Assorted Antiques.
   168 | D:1      | Found Suebop's Magic Scroll Shop.
   202 | D:1      | Gained mutation: You have a pair of small horns on your
                  | head. [demonic ancestry]
   202 | D:1      | Reached XP level 2. HP: 22/22 MP: 2/2
   207 | D:1      | Found Icaaram's Antique Armour Boutique.
   207 | D:1      | Found Uleeweec's Antique Armour Boutique.
   514 | D:1      | Found Quzxul's Distillery.
   681 | D:2      | Noticed Jessica
   688 | D:2      | Killed Jessica
   689 | D:2      | Reached skill level 1 in Armour
   689 | D:2      | Gained mutation: You have a pair of horns on your head.
                  | [demonic ancestry]
   689 | D:2      | Reached XP level 3. HP: 28/28 MP: 3/3
  1027 | D:2      | Found a faded altar of an unknown god.
  1231 | D:2      | Reached XP level 4. HP: 31/34 MP: 4/4
  1816 | D:3      | Slain by a gnoll

Illustrated notes

Levels and vault maps discovered:
D:1:      dpeg_arrival_renting, layout_basic, serial_shops, shop,
          nicolae_shop_window_shopping, nicolae_lakefront_shop,
          nicolae_shop_stone, shop, grunt_decor_clamped
D:2:      layout_loops_ring, dreamdust_ecumenical_altar_angels_and_demons,
          uniq_jessica
D:3:      layout_basic, serial_glass, glass_columns_c, glass_columns_a,
          glass_columns_b, minmay_hedge_maze, nicolae_grassy_gnolls

Skill      XL: |  1  2  3  4 |
---------------+-------------+-----
Polearms       | 3 |  3.4
Armour         | 1 |  1.8
Dodging        | 3 |  3.4
Fighting       | 3 |  3.0
Throwing       | |  1.7

Action                     |  1- 3 |  4- 6 || total
---------------------------+-------+-------++-------
  Melee: Trident           |    86 |    39 ||   125
         Punch             |     1 |       ||     1
         Headbutt          |     8 |     7 ||    15
    Use: Scroll            |     2 |     6 ||     8
         Potion            |       |     1 ||     1
   Stab: Sleeping          |     2 |     1 ||     3
         Distracted        |     1 |       ||     1
 Armour: Leather armour    |    10 |     3 ||    13
  Dodge: Dodged            |    40 |    16 ||    56

Table legend: (Time is in decaauts)
 A = Elapsed time spent in this place.
 B = Non-inter-level travel time spent in this place.
 C = Inter-level travel time spent in this place.
 D = Time resting spent in this place.
 E = Time spent auto-exploring this place.
 F = Levels seen in this place.
 G = Mean time per level.
                   A        B        C        D        E       F      G
               +--------+--------+--------+--------+--------+-----+--------+
         Total |   1834 |   1769 |     65 |      0 |   1450 |   3 |  611.3 |
       Dungeon |   1834 |   1769 |     65 |      0 |   1450 |   3 |  611.3 |
               +--------+--------+--------+--------+--------+-----+--------+

Top non-repeatable levels by time:
     D:2: 809 daAuts
     D:1: 675 daAuts
     D:3: 349 daAuts
